 Seeded DCSS version 0.30.1-4-g462c640d31 (webtiles) character file.

Game seed: 6351066067085065685 (custom seed)

4 Esekla the Grave Robber (level 1, 0/10 HPs)
             Began as a Deep Elf Necromancer on Aug 11, 2023.
             Slain by an orc
             ... wielding a +2 vampiric dagger
              (4 damage)
             ... on level 4 of the Dungeon.
             The game lasted 00:03:17 (485 turns).

Esekla the Grave Robber (Deep Elf Necromancer)       Turns: 485, Time: 00:03:18

Health: 0/10       AC:  2    Str:  5    XL:     1   Next: 50%
Magic:  6/6        EV: 12    Int: 19    God:
Gold:   30         SH:  0    Dex: 15    Spells: 5/6 levels left

rFire   . . .        c - +0 short sword
rCold   . . .        (no shield)
rNeg    . . .        a - +0 robe
rPois   .            (no helmet)
rElec   .            (no cloak)
rCorr   .            (no gloves)
SInv    .            (no boots)
Will    .....        i - amulet of magic regeneration
Stlth   ++           (no ring)
HPRegen 0.21/turn    (no ring)
MPRegen 0.50/turn

%: no passive effects
@: no status effects
A: no striking features
a: no special abilities


You were on level 4 of the Dungeon.
You visited 1 branch of the dungeon, and saw 5 of its levels.

You collected 30 gold pieces.

Inventory:

Hand Weapons
 c - a +0 short sword (weapon)
Armour
 a - a +0 robe (worn)
Jewellery
 i - an amulet of magic regeneration (around neck)
Scrolls
 e - a scroll of fear {unknown}
 h - a scroll of magic mapping {unknown}
Potions
 b - a potion of magic
 d - a potion of ambrosia {unknown}
 f - a potion of haste {unknown}
 g - a potion of mutation {unknown}
 j - a potion of brilliance {unknown}


   Skills:
 + Level 0.4 Short Blades
 * Level 2.4 Dodging
 + Level 2.6 Stealth
 * Level 3.0 Spellcasting
 + Level 4.9 Necromancy


You had 5 spell levels left.
You knew the following spells:

 Your Spells              Type           Power      Damage    Failure   Level
a - Necrotise             Necr           84%        1d8       1%          1

Your spell library contained the following spells:

 Spells                   Type           Power      Damage    Failure   Level
 Vampiric Draining        Necr           21%        2d7       6%          3
 Animate Dead             Necr           21%        N/A       21%         4
 Spider Form              Tmut/Pois      2%         N/A       41%         3
 Agony                    Necr           21%        N/A       50%         5
 Cause Fear               Hex            1%         N/A       83%         4
 Summon Mana Viper        Hex/Summ       2%         N/A       99%         5


Dungeon Overview and Level Annotations

Branches:
Dungeon (5/15)
 Temple: D:4-7

Altars:
Dithmenos
Okawaru


Message History

There is an open door here.
You open the door.
There is an open door here.
Found a dented citrine amulet.
i - an amulet of magic regeneration You start putting on your amulet.
You continue putting on your amulet of magic regeneration. x5
You finish putting on your amulet of magic regeneration.
i - an amulet of magic regeneration (around neck)
An adder comes into view.
Found 10 gold pieces.
Found 13 gold pieces.
j - a fuming purple potion
There is a stone staircase leading up here.
You climb upwards.
The orc shouts!
There is a stone staircase leading down here.
Found a scroll labelled POILALU JEHO.
Found a bubbling blue potion. 2 gnolls come into view.
You open the door.
There is an open door here.
The orc attacks as you move away! The orc closely misses you.
You hit the orc but do no damage.
The orc hits you with a +2 vampiric dagger.
You hit the orc but do no damage. The orc hits you but does no damage.
You completely miss the orc. The orc closely misses you.
You open the door.
The orc hits you with a +2 vampiric dagger.
The dart slug launches a dart at you. The slug dart hits you.
* * * LOW HITPOINT WARNING * * *
There is an open door here.
You hit the orc.
The orc is heavily wounded.
The orc closely misses you.
You barely miss the orc.
The orc is heavily wounded.
The orc hits you with a +2 vampiric dagger.
You die...

#### ####...## #........
#........
#########........
#####.......#........
#.##...........o........
..##...........#@.......
..##...........#........
..##.......w...#........
..##...........#........
...#.....###...#........
...####'####.?.#........
.>......................
...####.##..............
...# #.# ....##.


You could see an orc.

Vanquished Creatures
  A ball python (D:1)
  A frilled lizard (D:1)
  2 kobolds (D:1)
4 creatures vanquished.

Notes
Turn   | Place    | Note
-------+----------+-------------------------------------------
     0 | D:1      | Esekla the Deep Elf Necromancer began the quest for the
                  | Orb.
     0 | D:1      | Reached XP level 1. HP: 10/10 MP: 6/6
   345 | D:4      | Found an iron altar of Okawaru.
   382 | D:4      | You fall into a shaft and drop 1 floor!
   382 | D:5      | Entered Level 5 of the Dungeon
   391 | D:5      | Got the Parchment of the Lumpy Olives
   400 | D:5      | Found a shadowy altar of Dithmenos.
   485 | D:4      | Slain by an orc

Illustrated notes

Levels and vault maps discovered:
D:1:      sevenhm_arrival_forest_fort_small_3, layout_rooms,
          chequers_serial_rivers_room_b, minmay_misc_feat_five
D:2:      layout_loops_ring, dreamdust_ecumenical_altar_angels_and_demons,
          serial_shops, shop
D:3:      layout_basic, grunt_temple_overflow_open, minmay_misc_feat_iff
D:4:      layout_basic, nicolae_overflow_quartered_altars, serial_shops,
          nicolae_diamond_shop
D:5:      layout_loops_ring, lemuel_doored_altar, minmay_misc_feat_rows,
          dreamdust_wishing_well

Action                     || total
---------------------------++-------
  Melee: Short sword       ||    27
         Unarmed           ||     9
 Armour: Robe              ||     6
  Dodge: Dodged            ||    20
